[ AOE2 MATCH · #494058641 ]
UnrankedMaya vs Tatars
Player's team · WIN
Rival team · LOSS
[ REPLAY ANALYSIS · EXTRACTED FROM THE RECORDED GAME ]
Feudal
11:50
Castle
25:33
Imperial
—
| APM avg | 47.6 |
| APM peak | 74 |
| eAPM avg | 19.2 |
| Villagers / military | 44 / 30 |
Focus
⚔️ 43.3% · 🌾 56.7%
Archer ×14 · Skirmisher ×13 · Militia ×3
Feudal
9:40
Castle
—
Imperial
—
| APM avg | 66.3 |
| APM peak | 122 |
| eAPM avg | 26.1 |
| Villagers / military | 53 / 38 |
Focus
⚔️ 40.6% · 🌾 59.4%
Archer ×26 · Militia ×8 · Scout Cavalry ×4
Match map
Initial resources + every placement click. Lines = walls · curves = elevation contours. ◆ gold · ⬟ stone · ● berries · ✦ relic · ◌ wall gap
Your base· ✓ Closed at 25:33 · 32t walls · 1 gate(s)
tigerdownhill_'s base· Open — opponent sealed themselves in
Smoothed initial terrain · ◌ = detected wall gap · hover for details
Inputs per minute
— Whoosher9355 - - tigerdownhill_
Build order — Whoosher9355
142 actions detected in the replay
| 0:01 | Research | Loom |
| 0:02 | Create | Villager (Male) |
| 0:02 | Build | House |
| 0:04 | Build | House |
| 0:12 | Create | Villager (Male) |
| 0:26 | Create | Villager (Male) |
| 1:27 | Create | Villager (Male) |
| 1:51 | Build | Lumber Camp |
| 2:05 | Create | Villager (Male) |
| 2:06 | Create | Villager (Male) |
| 2:53 | Create | Villager (Male) |
| 3:16 | Create | Villager (Male) |
| 3:48 | Create | Villager (Male) |
| 3:52 | Build | House |
| 3:58 | Create | Villager (Male) |
| 4:22 | Create | Villager (Male) |
| 4:53 | Build | Barracks |
| 4:59 | Create | Villager (Male) |
| 5:25 | Create | Villager (Male) |
| 5:36 | Build | House |
| 5:44 | Create | Villager (Male) |
| 5:51 | Create | Militia |
| 5:51 | Create | Militia |
| 6:03 | Create | Villager (Male) |
| 6:08 | Build | Palisade Wall |
| 6:15 | Build | House |
| 6:26 | Create | Villager (Male) |
| 6:35 | Create | Militia |
| 6:44 | Create | Villager (Male) |
| 7:07 | Build | Palisade Wall |
| 7:09 | Build | Palisade Wall |
| 7:15 | Create | Villager (Male) |
| 7:18 | Build | House |
| 7:20 | Build | Palisade Wall |
| 7:35 | Create | Villager (Male) |
| 7:35 | Create | Villager (Male) |
| 7:45 | Build | Mill |
| 7:58 | Build | House |
| 8:02 | Build | Palisade Wall |
| 8:45 | Create | Villager (Male) |
| 9:15 | Create | Villager (Male) |
| 9:22 | Build | Mining Camp |
| 9:28 | Build | Farm |
| 9:37 | Research | Feudal Age |
| 9:38 | Research | Feudal Age |
| 10:03 | Build | Farm |
| 10:38 | Build | House |
| 11:29 | Create | Villager (Male) |
| 11:50 | Age | Feudal Age |
| 11:53 | Build | Archery Range |
| 12:01 | Build | Watch Tower |
| 12:06 | Create | Villager (Male) |
| 12:08 | Research | Double-Bit Axe |
| 12:35 | Build | Blacksmith |
| 13:02 | Create | Villager (Male) |
| 13:03 | Create | Skirmisher |
| 13:09 | Build | House |
| 13:17 | Build | House |
| 13:18 | Research | Fletching |
| 13:19 | Create | Villager (Male) |
| 13:31 | Create | Skirmisher |
| 13:32 | Create | Villager (Male) |
| 13:34 | Create | Skirmisher |
| 13:53 | Build | House |
| 14:02 | Create | Skirmisher |
| 14:10 | Create | Villager (Male) |
| 14:28 | Build | Farm |
| 14:30 | Build | Farm |
| 14:39 | Build | Farm |
| 14:43 | Create | Villager (Male) |
| 14:49 | Create | Archer |
| 15:12 | Build | Lumber Camp |
| 15:18 | Create | Skirmisher |
| 15:19 | Create | Villager (Male) |
| 15:31 | Create | Villager (Male) |
| 15:32 | Create | Archer |
| 15:53 | Create | Villager (Male) |
| 15:54 | Create | Skirmisher |
| 16:15 | Create | Villager (Male) |
| 16:18 | Create | Archer |
| 16:21 | Build | Mining Camp |
| 16:31 | Build | Archery Range |
| 16:34 | Research | Padded Archer Armor |
| 16:48 | Build | Farm |
| 16:50 | Build | Farm |
| 17:02 | Create | Villager (Male) |
| 17:07 | Create | Archer |
| 17:25 | Build | Farm |
| 17:33 | Build | Farm |
| 17:36 | Create | Skirmisher |
| 17:37 | Create | Villager (Male) |
| 17:45 | Build | House |
| 17:46 | Build | House |
| 17:48 | Research | Town Watch |
| 18:09 | Build | House |
| 18:09 | Create | Villager (Male) |
| 18:11 | Create | Skirmisher |
| 18:12 | Create | Skirmisher |
| 18:16 | Build | Market |
| 18:36 | Create | Villager (Male) |
| 18:38 | Create | Skirmisher |
| 19:00 | Create | Skirmisher |
| 19:02 | Build | House |
| 19:21 | Create | Villager (Male) |
| 19:22 | Create | Villager (Male) |
| 19:27 | Create | Skirmisher |
| 19:45 | Create | Skirmisher |
| 19:50 | Build | Farm |
| 20:20 | Create | Villager (Male) |
| 20:27 | Build | Farm |
| 20:31 | Create | Archer |
| 20:31 | Create | Archer |
| 20:46 | Create | Villager (Male) |
| 20:48 | Build | Farm |
| 20:50 | Build | Farm |
| 20:51 | Build | Farm |
| 21:04 | Build | Mining Camp |
| 21:10 | Build | House |
| 21:13 | Create | Villager (Male) |
| 21:31 | Create | Archer |
| 21:35 | Build | Palisade Gate |
| 21:40 | Create | Villager (Male) |
| 21:41 | Create | Archer |
| 22:09 | Build | House |
| 22:13 | Create | Villager (Male) |
| 22:32 | Build | Lumber Camp |
| 22:53 | Research | Castle Age |
| 22:53 | Research | Castle Age |
| 22:55 | Create | Archer |
| 22:55 | Create | Archer |
| 23:30 | Create | Archer |
| 23:40 | Build | Watch Tower |
| 23:45 | Create | Archer |
| 24:31 | Create | Archer |
| 24:34 | Build | House |
| 24:35 | Build | Farm |
| 24:36 | Build | Farm |
| 24:40 | Create | Archer |
| 25:33 | Age | Castle Age |
| 25:36 | Research | Crossbowman (upgrade) |
| 25:36 | Research | Bodkin Arrow |
| 25:39 | Research | Elite Skirmisher (upgrade) |
Build order — tigerdownhill_
141 actions detected in the replay
| 0:00 | Create | Villager (Male) |
| 0:01 | Create | Villager (Male) |
| 0:02 | Build | House |
| 0:02 | Build | House |
| 0:14 | Create | Villager (Male) |
| 0:17 | Create | Villager (Male) |
| 0:18 | Create | Villager (Male) |
| 1:29 | Create | Villager (Male) |
| 1:29 | Create | Villager (Male) |
| 1:53 | Build | Lumber Camp |
| 1:56 | Create | Villager (Male) |
| 1:56 | Create | Villager (Male) |
| 2:29 | Create | Villager (Male) |
| 2:29 | Create | Villager (Male) |
| 2:50 | Create | Villager (Male) |
| 2:59 | Build | House |
| 3:06 | Create | Villager (Male) |
| 3:06 | Create | Villager (Male) |
| 3:33 | Create | Villager (Male) |
| 3:34 | Create | Villager (Male) |
| 3:54 | Create | Villager (Male) |
| 3:54 | Create | Villager (Male) |
| 4:20 | Create | Villager (Male) |
| 4:20 | Create | Villager (Male) |
| 4:26 | Build | House |
| 4:57 | Create | Villager (Male) |
| 5:10 | Create | Villager (Male) |
| 5:33 | Build | Barracks |
| 5:39 | Create | Villager (Male) |
| 6:10 | Create | Villager (Male) |
| 6:16 | Research | Loom |
| 6:31 | Create | Villager (Male) |
| 6:54 | Build | Mining Camp |
| 7:22 | Research | Feudal Age |
| 7:46 | Create | Militia |
| 7:47 | Create | Militia |
| 7:47 | Create | Militia |
| 8:06 | Create | Militia |
| 8:06 | Create | Militia |
| 8:22 | Build | House |
| 8:44 | Create | Militia |
| 9:15 | Create | Militia |
| 9:40 | Age | Feudal Age |
| 9:43 | Research | Man-at-Arms (upgrade) |
| 9:51 | Build | Archery Range |
| 9:56 | Create | Villager (Male) |
| 10:19 | Create | Militia |
| 10:28 | Create | Archer |
| 10:47 | Create | Archer |
| 11:09 | Build | Watch Tower |
| 11:30 | Create | Archer |
| 11:31 | Create | Villager (Male) |
| 11:53 | Create | Archer |
| 11:57 | Create | Villager (Male) |
| 12:34 | Create | Villager (Male) |
| 12:37 | Build | House |
| 12:39 | Build | Blacksmith |
| 12:45 | Research | Double-Bit Axe |
| 12:45 | Research | Double-Bit Axe |
| 12:46 | Create | Villager (Male) |
| 12:51 | Create | Villager (Male) |
| 12:56 | Create | Archer |
| 13:15 | Research | Fletching |
| 13:16 | Build | House |
| 14:16 | Create | Archer |
| 14:34 | Create | Archer |
| 14:46 | Create | Villager (Male) |
| 14:49 | Build | Mill |
| 14:56 | Build | Mining Camp |
| 15:04 | Create | Archer |
| 15:53 | Create | Archer |
| 16:00 | Create | Villager (Male) |
| 16:25 | Create | Villager (Male) |
| 16:39 | Create | Archer |
| 16:50 | Create | Villager (Male) |
| 16:52 | Build | Farm |
| 16:54 | Research | Horse Collar |
| 17:05 | Research | Padded Archer Armor |
| 17:05 | Create | Archer |
| 17:18 | Create | Villager (Male) |
| 17:24 | Build | Farm |
| 17:46 | Create | Archer |
| 17:49 | Create | Archer |
| 18:28 | Create | Villager (Male) |
| 18:29 | Build | Farm |
| 18:30 | Create | Archer |
| 18:35 | Build | Watch Tower |
| 18:41 | Create | Villager (Male) |
| 18:57 | Create | Villager (Male) |
| 18:58 | Build | Farm |
| 19:06 | Build | Palisade Wall |
| 19:10 | Build | House |
| 19:12 | Build | Palisade Wall |
| 19:14 | Build | Palisade Wall |
| 19:35 | Create | Archer |
| 19:53 | Create | Archer |
| 19:55 | Create | Villager (Male) |
| 20:00 | Build | House |
| 20:05 | Build | House |
| 20:07 | Create | Villager (Male) |
| 20:22 | Create | Archer |
| 20:26 | Create | Villager (Male) |
| 20:32 | Build | Stable |
| 20:45 | Create | Archer |
| 20:46 | Create | Villager (Male) |
| 21:02 | Build | Watch Tower |
| 21:03 | Create | Archer |
| 21:08 | Create | Scout Cavalry |
| 21:12 | Build | Outpost |
| 21:13 | Create | Villager (Male) |
| 21:14 | Build | Farm |
| 21:21 | Create | Archer |
| 21:31 | Create | Scout Cavalry |
| 21:32 | Create | Archer |
| 21:47 | Build | Watch Tower |
| 21:49 | Create | Scout Cavalry |
| 21:53 | Build | Farm |
| 21:59 | Create | Villager (Male) |
| 21:59 | Create | Villager (Male) |
| 22:07 | Create | Archer |
| 22:23 | Create | Archer |
| 22:35 | Create | Villager (Male) |
| 22:37 | Build | Farm |
| 22:44 | Create | Scout Cavalry |
| 22:59 | Create | Villager (Male) |
| 23:03 | Build | Farm |
| 23:06 | Build | Farm |
| 23:19 | Create | Archer |
| 23:30 | Create | Villager (Male) |
| 23:36 | Create | Archer |
| 23:51 | Create | Villager (Male) |
| 23:54 | Build | Farm |
| 24:15 | Create | Villager (Male) |
| 24:21 | Create | Villager (Male) |
| 24:25 | Build | Watch Tower |
| 24:30 | Build | House |
| 24:44 | Build | Watch Tower |
| 24:45 | Create | Villager (Male) |
| 25:01 | Build | House |
| 25:02 | Create | Archer |
| 25:37 | Build | House |
Match timeline
| 4:53 | Whoosher9355 · first_building Barracks |
| 5:33 | tigerdownhill_ · first_building Barracks |
| 6:08 | Whoosher9355 · wall_segment Palisade Wall x7 |
| 7:07 | Whoosher9355 · wall_segment Palisade Wall x6 |
| 7:09 | Whoosher9355 · wall_segment Palisade Wall x11 |
| 7:20 | Whoosher9355 · wall_segment Palisade Wall x3 |
| 8:02 | Whoosher9355 · wall_segment Palisade Wall x5 |
| 9:40 | tigerdownhill_ · age_up feudal |
| 9:51 | tigerdownhill_ · first_building Archery Range |
| 11:50 | Whoosher9355 · age_up feudal |
| 11:53 | Whoosher9355 · first_building Archery Range |
| 19:06 | tigerdownhill_ · wall_segment Palisade Wall x1 |
| 19:12 | tigerdownhill_ · wall_segment Palisade Wall x1 |
| 19:14 | tigerdownhill_ · wall_segment Palisade Wall x1 |
| 20:28 | Whoosher9355 · first_market_sell 100 wood |
| 20:30 | Whoosher9355 · first_market_buy 100 food |
| 20:32 | tigerdownhill_ · first_building Stable |
| 25:33 | Whoosher9355 · age_up castle |
| 25:41 | tigerdownhill_ · resign |
[ AI ANALYSIS · 1 CREDIT ]
What really happened in this match?
Wolo.gg analyzes every decision: build order, eco, micro, common mistakes by bracket. Personalized analysis on WhatsApp or Discord in 30 seconds.
Civ guide
Maya
Perfil
Jugador #208314